 Dungeon Crawl Stone Soup version 0.24.0-123-gd5b16e6ec5 (webtiles) character file.

Game seed: 4936304701322976675, levelgen mode: deterministic

3074 Biblin the Cleaver (level 9, -13/80 HPs)
             Began as a Minotaur Berserker on Jan 17, 2020.
             Was an Elder of Trog.
             Mangled by a death yak (18 damage)
             ... on level 8 of the Dungeon.
             The game lasted 00:21:56 (6528 turns).

Biblin the Cleaver (Minotaur Berserker)             Turns: 6528, Time: 00:21:57

Health: -13/80     AC: 17    Str: 30    XL:     9   Next: 58%
Magic:  10/10      EV:  9    Int:  3    God:    Trog [****..]
Gold:   448        SH:  0    Dex: 12    Spells: 8/8 levels left

rFire    . . .     SeeInvis .   u - +1 hand axe (flame)
rCold    . . .     Gourm    +   (no shield)
rNeg     + . .     Faith    .   v - +0 plate armour
rPois    +         Spirit   .   (helmet restricted)
rElec    .         Reflect  .   l - +2 ratskin cloak {+Rats rPois rN+ Str-1 Int-1 Dex+1}
rCorr    .         Harm     .   (no gloves)
MR       .....                  (no boots)
Stlth    ..........             h - amulet of the gourmand
HPRegen  0.63/turn              (no ring)
MPRegen  0.12/turn              (no ring)

@: mighty, berserk cooldown, slowed, very slow
A: retaliatory headbutt, horns 2, agile 1, regeneration 1, screaming 1,
evolution 1
a: Berserk, Trog's Hand, Brothers in Arms, Renounce Religion, Evoke Ratskin


You were on level 8 of the Dungeon.
You worshipped Trog.
Trog was greatly pleased with you.
You were completely stuffed.

You visited 2 branches of the dungeon, and saw 9 of its levels.

You collected 448 gold pieces.

Inventory:

Hand Weapons
 a - a +0 hand axe
 u - a +1 hand axe of flaming (weapon)
Armour
 f - a +0 cloak
 l - the +2 ratskin cloak (worn) {+Rats rPois rN+ Str-1 Int-1 Dex+1}
   (You found it on level 5 of the Dungeon)

   It affects your strength (-1).
   It affects your intelligence (-1).
   It affects your dexterity (+1).
   It protects you from poison.
   It protects you from negative energy.
 o - a +1 scale mail
 v - a +0 plate armour (worn)
 y - a +2 scale mail of cold resistance
Jewellery
 h - an amulet of the gourmand (around neck)
Wands
 b - a wand of acid (10)
 i - a wand of disintegration (15)
 j - a wand of digging (6)
 m - a wand of iceblast (7)
 z - a wand of random effects (13)
Scrolls
 d - 7 scrolls of identify
 q - 7 scrolls of teleportation
 r - a scroll of fog
 w - a scroll of holy word
 x - a scroll of noise {unknown}
Potions
 e - 3 potions of might
 g - a potion of mutation
 k - 3 potions of brilliance
 n - 2 potions of agility
 s - 2 potions of lignification
 t - a potion of flight
Comestibles
 c - 11 rations
 p - 4 chunks of flesh


   Skills:
 * Level 7.6 Fighting
 * Level 11.2 Axes
 * Level 8.4 Armour
 + Level 3.8 Dodging
 * Level 3.0 Evocations


You had 8 spell levels left.
You didn't know any spells.
Your spell library was empty.

Dungeon Overview and Level Annotations

Branches:
Dungeon (8/15)             Temple (1/1) D:4
   Lair: D:8-11

Altars:
Ashenzari
Cheibriados
Dithmenos
Elyvilon
Fedhas
Gozag
Hepliaklqana
Kikubaaqudgha
Nemelex Xobeh
Okawaru
Qazlal
Ru
Sif Muna
Trog
Uskayaw
Vehumet
Wu Jian
Xom
Yredelemnul
Zin
The Shining One

Shops:
D:5 ((:   D:6 ?

Annotations:
D:4 3 runed translucent doors, Nilihum's ghost, amateur OpTm


Innate Abilities, Weirdness & Mutations

You reflexively headbutt those who attack you in melee.
You have a pair of horns on your head.
You are agile. (Dex +2)
Your natural rate of healing is unusually fast.
You occasionally shout uncontrollably at your foes.
You evolve.


Message History

The death yak gores you!
The death yak bellows!
You are too injured to fight recklessly!
You are too injured to fight recklessly!
You are too injured to fight recklessly!
You barely miss the death yak.
You headbutt the death yak, but do no damage.
You hit the death yak but do no damage. You closely miss the orc.
The orc hits you but does no damage. The death yak barely misses you.
The death yak gores you!!
* * * LOW HITPOINT WARNING * * *
You feel very mighty all of a sudden. The orc hits you with a +0 flail.
* * * LOW HITPOINT WARNING * * *
The death yak gores you!
* * * LOW HITPOINT WARNING * * *
The death yak completely misses you.
A quokka comes into view.
The death yak gores you!!
You die...

# ####### .#
#...<.######.#
#......'..#..#
####'###....#
#..##.>### #
#@Y#...# #### #.
#Yo#...##...# #..
#Y###........
+..##..##.......?
#.o....รท.........
#.##.r..[)..##...#
....#.......######
....##.......# ...
#.......#


You could see 3 death yaks, an orc and a quokka (wandering).

Vanquished Creatures
  Prince Ribbit (D:6)
  A yak (D:7)
  Menkaure (D:5)
  2 water moccasins (D:7)
  A porcupine (D:8)
  An orc warrior (D:7)
  A sky beast (D:5)
  2 ogres
  A phantom (D:6)
  2 centaurs (D:6)
  A big kobold (D:4)
  3 bullfrogs
  Blork the orc (D:4)
  3 scorpions
  A crimson imp (D:4)
  A bullfrog zombie (D:6)
  A centaur skeleton (D:6)
  A hound (D:5)
  4 orc priests
  4 orc wizards
  4 bullfrog skeletons
  Terence (D:3)
  5 iguanas
  Ijyb (D:4)
  9 worker ants
  2 hell rats
  A hound zombie (D:6)
  2 hound skeletons
  3 gnolls (D:6)
  6 river rats (D:5)
  4 adders
  3 oozes (D:2)
  4 adder skeletons
  2 dart slugs
  6 leopard geckos
  15 orcs
  A ball python (D:5)
  4 giant cockroaches
  6 goblins
  7 hobgoblins
  13 jackals
  6 quokkas
  7 bats
  4 frilled lizards
  4 kobolds
  A quokka zombie (D:6)
  17 rats
171 creatures vanquished.

Vanquished Creatures (others)
  An orc wizard (D:3)
  A bush (D:6)
2 creatures vanquished.

Grand Total: 173 creatures vanquished

Notes
Turn   | Place    | Note
-------+----------+-------------------------------------------
     0 | D:1      | Biblin the Minotaur Berserker began the quest for the Orb.
     0 | D:1      | Reached XP level 1. HP: 19/19 MP: 0/0
     0 | D:1      | Noticed an orb of fire
     0 | D:1      | Noticed an ice dragon
     3 | D:1      | Noticed an orb of fire
     4 | D:1      | Noticed an ice dragon
     7 | D:1      | Noticed an iron dragon
     8 | D:1      | Noticed an iron dragon
    11 | D:1      | Noticed an ice dragon
    11 | D:1      | Noticed an orb of fire
    13 | D:1      | Noticed an ice dragon
    13 | D:1      | Noticed a tentacled monstrosity
    15 | D:1      | Noticed an ice dragon
    17 | D:1      | Noticed a large abomination
    17 | D:1      | Noticed a green draconian
    19 | D:1      | Noticed an orb of fire
   442 | D:1      | Reached skill level 4 in Axes
   619 | D:2      | Reached XP level 2. HP: 27/27 MP: 1/1
   803 | D:2      | Reached XP level 3. HP: 29/33 MP: 2/2
  1293 | D:3      | Reached ** piety under Trog
  1698 | D:3      | Reached XP level 4. HP: 35/41 MP: 3/3
  1735 | D:3      | Found an opulent altar of Gozag.
  1751 | D:3      | Reached skill level 5 in Axes
  1816 | D:3      | Found a shadowy altar of Dithmenos.
  1832 | D:3      | Reached XP level 5. HP: 41/47 MP: 4/4
  1839 | D:3      | Noticed Terence
  1850 | D:3      | Killed Terence
  2162 | D:4      | Noticed an ogre
  2174 | D:4      | Killed an ogre
  2174 | D:4      | Reached skill level 5 in Fighting
  2174 | D:4      | Reached skill level 6 in Axes
  2228 | D:4      | Reached XP level 6. HP: 45/56 MP: 5/5
  2253 | D:4      | Found a sparkling altar of Nemelex Xobeh.
  2522 | D:4      | Found a staircase to the Ecumenical Temple.
  2537 | Temple   | Entered the Ecumenical Temple
  2790 | D:4      | Reached skill level 7 in Axes
  2790 | D:4      | Reached skill level 5 in Armour
  2953 | D:4      | Reached XP level 7. HP: 61/61 MP: 6/6
  3092 | D:4      | Noticed Blork the orc
  3100 | D:4      | Killed Blork the orc
  3149 | D:4      | Noticed Ijyb
  3160 | D:4      | Killed Ijyb
  3231 | D:4      | Found a runed translucent gate.
  3232 | D:4      | Found a runed translucent gate.
  3233 | D:4      | Found a runed translucent gate.
  3238 | D:4      | Noticed Nilihum's ghost (amateur OpTm)
  3450 | D:5      | Entered Level 5 of the Dungeon
  3491 | D:5      | Found Tuusue's Antique Weapon Boutique.
  3507 | D:5      | Found Acib's Antique Weapon Shop.
  3561 | D:5      | Gained mutation: You occasionally shout uncontrollably at
                  | your foes. [potion of mutation]
  3561 | D:5      | Gained mutation: Your natural rate of healing is unusually
                  | fast. [potion of mutation]
  3561 | D:5      | Gained mutation: You evolve. [potion of mutation]
  3582 | D:5      | Found a sparkling altar of Nemelex Xobeh.
  3638 | D:5      | Reached skill level 8 in Axes
  3650 | D:5      | Reached *** piety under Trog
  3783 | D:5      | Noticed Menkaure
  3800 | D:5      | Killed Menkaure
  3800 | D:5      | Reached XP level 8. HP: 70/70 MP: 7/7
  3844 | D:5      | Found Anwokexea's Book Shoppe.
  3939 | D:5      | Found the +2 ratskin cloak {+Rats rPois rN+ Str-1 Int-1
                  | Dex+1}
  4144 | D:5      | Found a white marble altar of Elyvilon.
  4193 | D:5      | Reached skill level 9 in Axes
  4437 | D:6      | Reached skill level 1 in Evocations
  4853 | D:6      | Noticed Prince Ribbit
  4861 | D:6      | Killed Prince Ribbit
  4861 | D:6      | Reached skill level 10 in Axes
  5241 | D:6      | Reached **** piety under Trog
  5241 | D:6      | Reached XP level 9. HP: 74/78 MP: 9/9
  5574 | D:6      | Found Fita's Magic Scroll Boutique.
  5743 | D:7      | Found an ornate altar of the Wu Jian Council.
  6027 | D:7      | Reached skill level 11 in Axes
  6306 | D:7      | Gained mutation: You are agile. (Dex +2) [evolution]
  6513 | D:8      | Noticed a death yak
  6521 | D:8      | Noticed a death yak
  6526 | D:8      | Noticed a death yak
  6528 | D:8      | Mangled by a death yak

Levels and vault maps discovered:
D:1:      shiori_arrival_whats_in_store_for_you, layout_basic,
          minmay_tromino_v4_c
D:2:      layout_basic, first_ration
D:3:      layout_loops_ring, nicolae_dithmenos_shadow_blocks,
          nicolae_gozag_seed_capital, uniq_terence
D:4:      layout_cave_pods, lemuel_crystal_altar,
          minmay_temple_entry_large_hall, gammafunk_ghost_necromancy,
          kennysheep_generic_room_14, uniq_ijyb, uniq_blork_the_orc
D:5:      wander_guarded_unrand_ratskin, layout_loops_cross, old_standard_altar,
          serial_shops, shop, shop, nicolae_shop_stone,
          nemelex_spade_bored_becter, uniq_menkaure
D:6:      layout_layer_cave, serial_shops, nicolae_shop_behind_doors,
          minmay_misc_feat_doors, kb_lookout_dungeons_type, patterned_corridor,
          uniq_prince_ribbit1
D:7:      minmay_chambers_of_sixes, layout_basic, lemuel_doored_altar
D:8:      layout_gridville, nicolae_overflow_crystal_walls, dpeg_lair_monsters,
          serial_shops, shop, shop, shop, nicolae_shop_crystal, the_bakery,
          kennysheep_cluttered_room
Temple:   eino_temple_rhombus

Skill      XL: |  1  2  3  4  5  6  7  8  9 |
---------------+----------------------------+-----
Axes           | 4 5 6 7 8 10 11 | 11.2
Fighting       | 4 5 6 7 |  7.6
Armour         | 3 4 5 6 7 8 |  8.4
Dodging        | 3 |  3.8
Evocations     | 2 3 |  3.0

Action                   |  1- 3 |  4- 6 |  7- 9 || total
-------------------------+-------+-------+-------++-------
Melee: Hand axe          |    96 |    95 |   335 ||   526
       Headbutt          |    14 |    16 |    68 ||    98
Invok: Berserk           |       |     4 |     6 ||    10
       Trog's Hand       |       |     1 |     1 ||     2
  Use: Scroll            |     8 |     2 |     2 ||    12
       Potion            |     6 |       |     7 ||    13
  Eat: Chunk             |    12 |     2 |    24 ||    38
Armor: Ring mail         |    17 |       |       ||    17
       Animal skin       |     2 |       |       ||     2
       Scale mail        |    15 |    33 |    92 ||   140
       Plate armour      |       |       |    34 ||    34
Dodge: Dodged            |    59 |    38 |   139 ||   236
